 Dungeon Crawl Stone Soup version 0.26.1-11-gd32895ea62 (webtiles) character file.

Game seed: 15813416618043254818

9053 Almogavar the Tainter (level 11, -1/72 HPs)
             Began as an Octopode Venom Mage on May 22, 2021.
             Was a Priest of Sif Muna.
             Slain by a six-headed hydra (11 damage)
             ... on level 9 of the Dungeon on May 23, 2021.
             The game lasted 01:13:46 (16399 turns).

Almogavar the Tainter (Octopode Venom Mage)        Turns: 16399, Time: 01:13:47

Health: -1/72      AC:  2    Str:  7 (8)  XL:     11   Next: 40%
Magic:  10/23      EV: 14    Int: 18 (19) God:    Sif Muna [***...]
Gold:   504        SH:  5    Dex: 11 (14) Spells: 14/27 levels left

rFire    . . .     SeeInvis .   E - +7 hand axe of Caig Cemyob {drain, Will+}
rCold    . . .     Faith    .   (no shield)
rNeg     . . .     Spirit   .   l - +1 hat
rPois    .         Reflect  +   v - amulet of reflection
rElec    .         Harm     .   f - ring of wizardry
rCorr    .         Rampage  .   (no ring)
Will     +....                  (no ring)
Stlth    ++++......             (no ring)
HPRegen  0.22/turn              (no ring)
MPRegen  0.18/turn              (no ring)
                                (no ring)
                                (no ring)

@: studying Fighting
A: almost no armour, stealthy swim, amphibious, 8 rings, constrict 8, camouflage
1, gelatinous body 1
a: Renounce Religion, Channel Magic, Forget Spell


You were on level 9 of the Dungeon.
You worshipped Sif Muna.
Sif Muna was most pleased with you.
You visited 2 branches of the dungeon, and saw 10 of its levels.
You also visited: Bailey.

You collected 504 gold pieces.

Inventory:

Hand Weapons
 o - a +2 whip of venom
 E - the +7 hand axe of Caig Cemyob (weapon) {drain, Will+}
   (You found it on level 8 of the Dungeon)

   A truly terrible weapon, it drains the life of those it strikes.
   It affects your willpower, your defense against some magical effects.
Armour
 l - a +1 hat (worn)
Magical Staves
 A - an uncursed staff of conjuration
Jewellery
 f - a ring of wizardry (left tentacle)
 i - an uncursed amulet of regeneration
 v - an amulet of reflection (around mantle)
 y - an uncursed amulet of guardian spirit
Wands
 s - a wand of flame (40)
 w - a wand of polymorph (6)
 x - a wand of paralysis (19)
 z - a wand of enslavement (2)
 B - a wand of iceblast (13)
Scrolls
 b - 2 scrolls of teleportation
 j - 6 scrolls of remove curse
 n - 4 scrolls of enchant weapon
 q - a scroll of acquirement {unknown}
 u - a scroll of random uselessness {unknown}
 D - a scroll of summoning {unknown}
 F - a scroll of immolation {unknown}
Potions
 a - 2 potions of heal wounds
 c - 2 potions of flight
 d - 2 potions of lignification
 e - a potion of berserk rage
 h - a potion of ambrosia
 p - a potion of haste
 r - 2 potions of degeneration
 t - 4 potions of brilliance
 C - a potion of might
Books
 g - a manual of Fighting


   Skills:
 * Level 5.3 Fighting
 + Level 1.9 Axes
 + Level 4.3 Dodging
 + Level 5.0 Stealth
 + Level 2.0 Shields
 + Level 8.5 Spellcasting
 + Level 7.2 Transmutations
 + Level 3.0 Fire Magic
 + Level 5.2 Air Magic
 + Level 11.2 Poison Magic


You had 14 spell levels left.
You knew the following spells:

 Your Spells              Type           Power        Failure   Level
a - Sting                 Tmut/Pois      100%         1%          1
b - Poisonous Vapours     Pois/Air       74%          1%          2
c - Ignite Poison         Fire/Tmut/Pois 33%          1%          3
d - Olgreb's Toxic Radia  Pois           48%          1%          4
e - Mephitic Cloud        Conj/Pois/Air  27%          1%          3

Your spell library contained the following spells:

 Spells                   Type           Power        Failure   Level
 Corona                   Hex            7%           4%          1
 Freeze                   Ice            28%          4%          1
 Ensorcelled Hibernation  Hex/Ice        14%          6%          2
 Inner Flame              Hex/Fire       13%          6%          3
 Petrify                  Tmut/Erth      20%          9%          4
 Confusing Touch          Hex            7%           12%         3
 Dazzling Flash           Conj/Hex       14%          12%         3
 Frozen Ramparts          Ice            14%          12%         3
 Gell's Gravitas          Tloc           3%           12%         3
 Ozocubu's Armour         Ice            7%           12%         3
 Tukima's Dance           Hex            7%           12%         3
 Yara's Violent Unravell  Hex/Tmut       10%          22%         5
 Hailstorm                Conj/Ice       7%           34%         4
 Summon Ice Beast         Ice/Summ       7%           34%         4
 Metabolic Englaciation   Hex/Ice        3%           67%         5
 Invisibility             Hex            7%           99%         6


Dungeon Overview and Level Annotations

Branches:
Dungeon (9/15)             Temple (1/1) D:5            Lair (0/6) D:9
 Bailey (visited)
    Orc: D:9-12

Altars:
Ashenzari
Dithmenos
Elyvilon
Fedhas
Gozag
Hepliaklqana
Kikubaaqudgha
Makhleb
Ru
Sif Muna
Trog
Uskayaw
Vehumet
Wu Jian
Xom
The Shining One


Innate Abilities, Weirdness & Mutations

You cannot wear most types of armour.
You are very stealthy in the water. (Stealth+)
You are amphibious.
You can wear up to eight rings at the same time.
You can use your tentacles to constrict eight enemies at once.
Your skin changes colour to match your surroundings (Stealth+).
Your rubbery body absorbs attacks. (AC +1, EV +1)


Message History

The eye of draining is heavily wounded.
You constrict the eye of draining. You slash the eye of draining!
The eye of draining is almost dead.
You constrict the eye of draining.
Casting: Poisonous Vapours (safe; 1% risk of failure)
Confirm with . or Enter, or press ? or * to list all spells.
You begin to radiate toxic energy.
The eye of draining is poisoned.
You kill the eye of draining!
Sif Muna accepts your kill.
The six-headed hydra bites you! x2; The six-headed hydra bites you. x2
The six-headed hydra bites you! x2
* * * LOW HITPOINT WARNING * * *
Your toxic aura wanes.
There is an escape hatch in the ceiling here.
The six-headed hydra bites you!
* * * LOW HITPOINT WARNING * * *
You block the six-headed hydra's attack.
The six-headed hydra barely misses you. The six-headed hydra bites you!
You die...

.#.....)...#.## #.###.......#..#.
.#≈..:>...≈#..###.# ###....#.....
.#.........#......# ###..##.#.#
...##...##...####.# #..#.#.##
....#...#....# #.# #..##.#..
..#...≈...#..# ##.# ###.#.###.#
...#######...###..#####..........
#### #####..D....##.....###..
#.#@###.##.....# ##.
#.#)###.##.....# ##.
#.#..##.##.....###..
#.##.##.#######.....
#..<....#######.....
##.#........##..._..
#.#...####.##......
#.#.....##.##......
#.##..#..........##


You could see a six-headed hydra.

Vanquished Creatures
  A queen ant (D:9)
  Pikel (D:7)
  Psyche (D:8)
  Joseph (D:7)
  6 yaks (D:9)
  5 soldier ants
  2 water moccasins
  14 orc warriors
  3 ice beasts (D:9)
  A sky beast (D:5)
  An eye of draining (D:9)
  A black bear (D:6)
  A necrophage (D:7)
  A phantom (D:9)
  7 ogres
  9 centaurs
  2 lemures (D:7)
  A big kobold (D:7)
  7 bullfrogs
  2 wyvern skeletons
  3 scorpions
  5 wights
  2 howler monkeys
  A crimson imp (D:4)
  A centaur zombie (D:7)
  A quasit (D:9)
  A gnoll shaman (D:5)
  2 jellies
  9 orc wizards
  A centaur skeleton (D:8)
  5 orc priests
  4 hounds
  Jessica (D:3)
  11 worker ants
  5 gnolls
  2 worker ant zombies
  9 adders
  2 shadow imps
  A white imp (D:5)
  3 ufetubi
  An ooze (D:3)
  2 worms (D:2)
  3 dart slugs (D:1)
  3 leopard geckos
  43 orcs
  A ball python (D:1)
  2 giant cockroaches
  13 goblins
  11 hobgoblins
  9 jackals
  7 kobolds
  3 quokkas
  7 bats
  5 frilled lizards
  A quokka skeleton (D:3)
  8 rats
255 creatures vanquished.

Vanquished Creatures (others)
  5 fungi (D:9)
  6 plants
11 creatures vanquished.

Grand Total: 266 creatures vanquished

Notes
Turn   | Place    | Note
-------+----------+-------------------------------------------
     0 | D:1      | Almogavar the Octopode Venom Mage began the quest for the
                  | Orb.
     0 | D:1      | Reached XP level 1. HP: 11/11 MP: 3/3
   187 | D:1      | Reached skill level 4 in Poison Magic
   366 | D:1      | Reached XP level 2. HP: 17/17 MP: 1/5
   407 | D:1      | Learned a level 2 spell: Poisonous Vapours
   714 | D:1      | Reached XP level 3. HP: 21/21 MP: 1/6
  1498 | D:2      | Found a broken altar of Ashenzari.
  1515 | D:2      | Reached XP level 4. HP: 27/27 MP: 2/7
  2187 | D:3      | Reached skill level 5 in Poison Magic
  2190 | D:3      | Reached XP level 5. HP: 29/31 MP: 3/9
  2249 | D:3      | Noticed Jessica
  2253 | D:3      | Killed Jessica
  2946 | D:3      | Found a shadowy altar of Dithmenos.
  3394 | D:3      | Learned a level 3 spell: Ignite Poison
  3626 | D:4      | Found a burning altar of Makhleb.
  3627 | D:4      | Found a radiant altar of Vehumet.
  3634 | D:4      | Reached XP level 6. HP: 35/36 MP: 11/11
  3820 | D:4      | Reached skill level 1 in Air Magic
  4001 | D:4      | Found a glowing golden altar of the Shining One.
  4229 | D:5      | Entered Level 5 of the Dungeon
  4234 | D:5      | Found a staircase to the Ecumenical Temple.
  4252 | Temple   | Entered the Ecumenical Temple
  4317 | Temple   | Became a worshipper of Sif Muna the Loreminder
  4453 | D:5      | Noticed a sky beast
  4562 | D:5      | Reached XP level 7. HP: 14/42 MP: 1/13
  5011 | D:4      | Reached skill level 6 in Poison Magic
  5192 | D:5      | Reached XP level 8. HP: 47/47 MP: 10/15
  5498 | D:5      | Found a bloodstained altar of Trog.
  5529 | D:6      | Reached skill level 5 in Spellcasting
  5666 | D:6      | Reached skill level 1 in Fighting
  5856 | D:6      | Reached skill level 7 in Poison Magic
  6171 | D:6      | Reached * piety under Sif Muna
  7283 | D:6      | Learned a level 4 spell: Olgreb's Toxic Radiance
  7795 | D:7      | Reached skill level 8 in Poison Magic
  7795 | D:7      | Reached XP level 9. HP: 37/53 MP: 4/17
  7868 | D:7      | Noticed Pikel
  8092 | D:7      | Killed Pikel
  8093 | D:7      | Reached skill level 1 in Fire Magic
  8446 | D:6      | Reached skill level 5 in Transmutations
  9934 | D:7      | Noticed Joseph
  9978 | D:6      | Reached ** piety under Sif Muna
  9980 | D:6      | Reached skill level 9 in Poison Magic
 10315 | D:7      | Killed Joseph
 10316 | D:7      | Reached skill level 1 in Shields
 10681 | D:8      | Noticed Psyche
 10686 | D:8      | Killed Psyche
 10687 | D:8      | Reached XP level 10. HP: 60/60 MP: 12/20
 10735 | D:8      | Found a flagged portal.
 10819 | Bailey   | Entered a bailey
 12068 | Bailey   | Reached skill level 10 in Poison Magic
 12870 | D:8      | Found an ancient bone altar of Kikubaaqudgha.
 13649 | D:8      | Got an iridescent hand axe
 13650 | D:8      | Identified the +7 hand axe of Caig Cemyob {drain, Will+}
                  | (You found it on level 8 of the Dungeon)
 13806 | D:8      | Found an ornate altar of the Wu Jian Council.
 13814 | D:8      | Found a sacrificial altar of Ru.
 13819 | D:8      | Learned a level 3 spell: Mephitic Cloud
 13885 | D:9      | Noticed a six-headed hydra
 13952 | D:9      | Reached *** piety under Sif Muna
 13995 | D:9      | Found a staircase to the Lair.
 14117 | D:9      | Reached skill level 5 in Air Magic
 14536 | D:9      | Reached XP level 11. HP: 69/69 MP: 14/23
 14834 | D:9      | Found an opulent altar of Gozag.
 15196 | D:9      | Reached skill level 5 in Stealth
 15237 | D:9      | Identified the Collected Works on the Fetching Frostbite
 15242 | D:9      | Found a shimmering altar of Xom.
 15304 | D:9      | Reached skill level 11 in Poison Magic
 15319 | D:9      | Reached skill level 1 in Axes
 15863 | D:9      | Noticed a queen ant
 15880 | D:9      | Killed a queen ant
 15881 | D:9      | Reached skill level 5 in Fighting
 16399 | D:9      | Slain by a six-headed hydra

Illustrated notes

Levels and vault maps discovered:
D:1:      eino_arrival_druids_welcome, layout_rooms
D:2:      layout_basic, overflow_temple_1_default
D:3:      layout_basic, nicolae_dithmenos_through_a_glass_darkly, uniq_jessica
D:4:      layout_basic, grunt_temple_overflow_lords_of_destruction,
          nicolae_tso_carved_into_rock
D:5:      layout_loops_ring, lightli_temple_of_fire, minmay_temple_entry_grid,
          minmay_misc_feat_rows
D:6:      layout_cave_pods, nicolae_underground_beach
D:7:      layout_cave_pools, uniq_pikel, uniq_joseph
D:8:      layout_loops_corners, amethyst_overflow_temple_binary,
          kiku_gazebo_garden_becter, enter_bailey_3, uniq_psyche
D:9:      layout_loops_cross, grunt_gozag_breadcrumbs, dpeg_oklobed_lair,
          basic_altar, minmay_another_anthill
Temple:   dshaligram_water_room_temple

Skill      XL: |  1  2  3  4  5  6  7  8  9 10 11 |
---------------+----------------------------------+-----
Poison Magic   | 4 5 6 8 9 10 11 | 11.2
Stealth        | 3 4 5 |  5.0
Spellcasting   | 3 4 5 7 8 |  8.5
Transmutations | 2 3 4 5 6 7 |  7.2
Air Magic      | 2 3 4 5 |  5.2
Fighting       | 1 2 4 5 |  5.3
Dodging        | 3 4 |  4.3
Fire Magic     | 2 3 |  3.0
Shields        | 1 2 |  2.0
Axes           | 1 |  1.9

Action                   |  1- 3 |  4- 6 |  7- 9 | 10-12 || total
-------------------------+-------+-------+-------+-------++-------
Melee: Mace              |    11 |       |       |       ||    11
       Constrict         |     2 |     9 |    22 |    26 ||    59
       Unarmed           |     2 |       |       |       ||     2
       Tentacles         |     1 |     6 |    27 |    32 ||    66
       Whip              |       |    40 |   110 |    58 ||   208
       Hand axe          |       |       |       |   108 ||   108
 Cast: Sting             |    48 |    51 |    70 |   109 ||   278
       Poisonous Vapours |     9 |    24 |    56 |    69 ||   158
       Ignite Poison     |       |       |    21 |    46 ||    67
       Olgreb's Toxic Ra |       |       |     2 |     3 ||     5
  Use: Scroll            |     2 |     6 |     2 |     1 ||    11
       Potion            |       |       |       |     8 ||     8
 Stab: Sleeping          |     2 |     2 |     2 |     1 ||     7
       Distracted        |       |       |       |     1 ||     1
Armor: Skin              |     8 |     3 |     4 |    10 ||    25
Dodge: Dodged            |    19 |    29 |    94 |   123 ||   265
Block: Other             |       |       |    27 |    26 ||    53
       Reflection        |       |       |     1 |       ||     1
